 Dungeon Crawl Stone Soup version 0.21.1-1-g345015fe64 (webtiles) character file.

25 KleinerIrrer the Ruffian (level 2, 0/29 HPs)
             Began as a Troll Monk on Apr 4, 2018.
             Slain by a gnoll
             ... wielding a +0 spear
              (12 damage)
             ... on level 1 of the Dungeon.
             The game lasted 00:00:06 (739 turns).

KleinerIrrer the Ruffian (Troll Monk)                Turns: 739, Time: 00:00:06

Health: 0/29       AC:  5    Str: 18    XL:     2   Next: 82%
Magic:  1/1        EV: 10    Int:  6    God:
Gold:   93         SH:  0    Dex: 12    Spells: 1/1 levels left

rFire    . . .     SeeInvis .     - Unarmed
rCold    . . .     Gourm    +   (no shield)
rNeg     . . .     Faith    .   a - +0 robe
rPois    .         Spirit   .   (helmet restricted)
rElec    .         Reflect  .   (no cloak)
rCorr    .         Harm     .   (gloves unavailable)
MR       .....                  (boots unavailable)
Stlth    ++........             (no amulet)
HPRegen  0.49/turn              (no ring)
MPRegen  0.07/turn              (no ring)

@: no status effects
A: large, unfitting armour, claws 3, fast metabolism 3, gourmand, regeneration
1, shaggy fur 1, tough skin 2
a: no special abilities


You were on level 1 of the Dungeon.
You were completely stuffed.

You visited 1 branch of the dungeon, and saw 1 of its levels.

You collected 93 gold pieces.


Innate Abilities, Weirdness & Mutations

You are too large for most types of armour.
You have claws for hands.
Your metabolism is lightning-fast.
You like to eat raw meat.
Your natural rate of healing is unusually fast.
You are covered in fur. (AC +1)
You have very tough skin. (AC +2)


   Skills:
 - Level 2.4 Fighting
 - Level 2.4 Dodging
 - Level 1.0 Stealth
 + Level 4.1 Unarmed Combat


You had one spell level left.
You didn't know any spells.

Inventory:

Armour
 a - a +0 robe (worn)
Jewellery
 i - an uncursed ring of protection from fire {unknown}
Scrolls
 d - 2 scrolls of teleportation {unknown}
 h - a scroll of remove curse {unknown}
Potions
 c - a potion of heal wounds {unknown}
 e - 2 potions of cancellation {unknown}
 f - a potion of lignification {unknown}
 g - a potion of brilliance {unknown}
 k - a potion of resistance {unknown}
Comestibles
 b - 5 rations
 j - 2 chunks of flesh

Dungeon Overview and Level Annotations

Branches:
Dungeon (1/15)

Altars:


Message History

You scratch the gnoll but do no damage. The gnoll completely misses you.
You barely miss the gnoll. The gnoll hits you but does no damage.
You barely miss the gnoll. The gnoll hits you with a spear.
You closely miss the gnoll. The gnoll hits you with a spear.
You scratch the gnoll.
The gnoll is lightly wounded.
The gnoll barely misses you.
You scratch the gnoll.
The gnoll is moderately wounded.
You scratch the gnoll.
The gnoll is heavily wounded.
The gnoll hits you with a spear.
You scratch the gnoll but do no damage.
The gnoll is heavily wounded.
The gnoll hits you with a spear!
You die...

#.#####.#..#.#
###.# #.#
#..........#.#
#.#
#######.##.#.#
#.# #.##.#.#
#.# #.##.# #..
#.##.# #>#
#.##.# #.#
#.##g#.# ###
#..@...#
####.### .# .#
##


You could see a gnoll.

Vanquished Creatures
  An ooze (D:1)
  A dart slug (D:1)
  A ball python (D:1)
  4 bats (D:1)
  2 goblins (D:1)
  4 hobgoblins (D:1)
  A frilled lizard (D:1)
  2 kobolds (D:1)
  2 rats (D:1)
18 creatures vanquished.

Notes
Turn   | Place    | Note
-------+----------+-------------------------------------------
     0 | D:1      | KleinerIrrer the Troll Monk began the quest for the Orb.
     0 | D:1      | Reached XP level 1. HP: 22/22 MP: 0/0
     0 | D:1      | 0 ||| counter = 33
   259 | D:1      | Reached XP level 2. HP: 29/29 MP: 1/1
   344 | D:1      | 344 ||| Stepping ~*~*~tactically~*~*~ (outnumbered).
   542 | D:1      | Reached skill level 4 in Unarmed Combat
   739 | D:1      | Slain by a gnoll

Vault maps used:
D:1:      shiori_arrival_maze

Skill      XL: |  1  2 |
---------------+-------+-----
Unarmed Combat | 4 |  4.1
Fighting       | |  2.4
Dodging        | |  2.4
Stealth        | |  1.0

Action                   || total
-------------------------++-------
Melee: Unarmed           ||    46
  Eat: Chunk             ||    12
Armor: Robe              ||    17
Dodge: Dodged            ||    20

Table legend:
 A = Spawn XP
 B = Non-spawn XP
 C = Spawn XP percentage of total XP
 D = Spawn monster count
 E = Non-spawn monster count
 F = Spawn count percentage of total count
 G = Total turns spent on level
                    A         B        C        D         E        F      G
               +---------+---------+-------+---------+---------+-------+---------
         Total |       0 |      36 |   0.0 |       0 |      18 |   0.0 |   739
               +---------+---------+-------+---------+---------+-------+---------
           D:1 |       0 |      36 |   0.0 |       0 |      18 |   0.0 |   739
               +---------+---------+-------+---------+---------+-------+---------
